 Dungeon Crawl Stone Soup version 0.31-a0-1540-g5a0b83f448 (webtiles) character file.

Game seed: 13743703469541417615

43521 jlumianski the Grappler (level 14, -5/130 HPs)
             Began as a Gnoll Shapeshifter on Jan 1, 2024.
             Was the Champion of Wu Jian.
             Slain by a death yak (20 damage)
             ... on level 4 of the Lair of Beasts on Jan 2, 2024.
             The game lasted 01:59:26 (21088 turns).

jlumianski the Grappler (Gnoll Shapeshifter)       Turns: 21088, Time: 01:59:26

Health: -5/130     AC:  9    Str: 22    XL:     14   Next: 24%
Magic:  23/27      EV: 18    Int: 11    God:    Wu Jian [******]
Gold:   1129       SH:  0    Dex: 12    Spells: 17/31 levels left

rFire   . .          .
                       - Unarmed
rCold   . . .        (shield currently unavailable)
rNeg    . . .        g - melded +0 chain mail
rPois   +            j - melded +1 helmet
rElec   .            I - melded +0 cloak
rCorr   .            q - melded +2 pair of gloves
SInv    .            s - melded +0 pair of boots {Fly}
Will    ++...        z - amulet of faith
Stlth   ++++         p - ring of willpower
HPRegen 0.41/turn    T - +5 ring of evasion
MPRegen 0.20/turn

%: faith
@: snake-form, studying Throwing
A: constrict, boosted hp, large, (fangs 1), strong nose, distributed training
a: Begin Untransformation, Renounce Religion, Wall Jump, Serpent's Lash,
Heavenly Storm


You were on level 4 of the Lair of Beasts.
You worshipped Wu Jian.
Wu Jian was exalted by your worship.
You were an enormous serpent.
You visited 3 branches of the dungeon, and saw 20 of its levels.

You collected 1442 gold pieces.
You spent 313 gold pieces at shops.

Inventory:

Missiles
 C - 7 boomerangs
Armour
 g - a +0 chain mail (melded)
 i - the +1 cloak "Peilumies" {rC+}
   (You found it on level 1 of the Lair of Beasts)

   rC+:       It protects you from cold.
 j - a +1 helmet (melded)
 q - a +2 pair of gloves (melded)
 s - a +0 pair of boots of flying (melded)
 G - a +2 cloak
 I - a +0 cloak (melded)
 O - an orb of mayhem
Jewellery
 o - an amulet of reflection
 p - a ring of willpower (left hand)
 z - an amulet of faith (around neck)
 A - a ring of protection from fire
 E - a ring of willpower
 T - a +5 ring of evasion (right hand)
 X - the amulet "Toig" {+Inv Regen+ Int+7 Slay-6}
   (You found it on level 10 of the Dungeon)

   [amulet of regeneration]

   Int+7:     It affects your intelligence (+7).
   Slay-6:    It affects your accuracy & damage with ranged weapons and melee
   (-6).
   +Inv:      It lets you turn invisible.
   Regen+:    It increases your rate of health regeneration.
Talismans
 d - a flux talisman
 F - a serpent talisman (active)
Wands
 a - a wand of digging (10)
 c - a wand of mindburst (9)
 w - a wand of flame (58)
 B - a wand of acid (15)
 L - a wand of paralysis (13)
 P - a wand of polymorph (4)
Scrolls
 h - 13 scrolls of teleportation
 n - 4 scrolls of revelation
 r - 3 scrolls of fog
 y - 4 scrolls of fear
 D - 3 scrolls of silence
 H - a scroll of enchant armour
 J - a scroll of vulnerability
 M - 3 scrolls of blinking
 N - a scroll of enchant weapon
 Q - a scroll of poison
 V - 2 scrolls of butterflies
Potions
 b - 2 potions of lignification
 e - 2 potions of magic
 f - a potion of curing
 k - 4 potions of heal wounds
 l - a potion of might
 m - a potion of resistance
 t - 5 potions of haste
 u - a potion of attraction
 x - a potion of enlightenment
 R - 2 potions of brilliance
 W - a potion of berserk rage
Miscellaneous
 K - a phial of floods


   Skills:
 + Level 9.8 Fighting
 + Level 9.4 Short Blades
 + Level 9.4 Long Blades
 + Level 9.4 Axes
 + Level 9.4 Maces & Flails
 + Level 9.4 Polearms
 + Level 9.4 Staves
 + Level 9.4 Ranged Weapons
 + Level 9.6 Throwing
 + Level 9.4 Armour
 + Level 10.5 Dodging
 + Level 9.4 Stealth
 + Level 9.4 Shields
 + Level 11.4 Unarmed Combat
 + Level 9.4 Spellcasting
 + Level 7.8 Conjurations
 + Level 7.8 Hexes
 + Level 7.8 Summonings
 + Level 7.8 Necromancy
 + Level 7.8 Translocations
 + Level 7.8 Fire Magic
 + Level 7.8 Ice Magic
 + Level 7.8 Air Magic
 + Level 7.8 Earth Magic
 + Level 7.8 Alchemy
 + Level 10.2 Invocations
 + Level 9.4 Evocations
 + Level 10.8 Shapeshifting


You had 17 spell levels left.
You knew the following spells:

 Your Spells              Type           Power      Damage    Failure   Level
a - Mercury Vapours       Alch/Air       44%        N/A       1%          2
b - Magic Dart            Conj           88%        1d7       1%          1
c - Call Imp              Summ           44%        N/A       1%          2
d - Blink                 Tloc           44%        N/A       1%          2
e - Mephitic Cloud        Conj/Alch/Air  22%        N/A       1%          3
f - Brom's Barrelling Bo  Conj/Erth      22%        2d4       5%          4

Your spell library contained the following spells:

 Spells                   Type           Power      Damage    Failure   Level
 Apportation              Tloc           44%        N/A       1%          1
 Sandblast                Erth           44%        2d11      1%          1
 Shock                    Conj/Air       88%        1d8       1%          1
 Slow                     Hex            88%        N/A       1%          1
 Sting                    Conj/Alch      88%        1d8       1%          1
 Ensorcelled Hibernation  Hex/Ice        44%        N/A       1%          2
 Jinxbite                 Hex            44%        N/A       1%          2
 Confusing Touch          Hex            22%        N/A       1%          3
 Frozen Ramparts          Ice            44%        1d7       1%          3
 Fugue of the Fallen      Necr           22%        N/A       1%          3
 Passwall                 Erth           22%        N/A       1%          3
 Sigil of Binding         Hex            22%        N/A       1%          3
 Stone Arrow              Conj/Erth      44%        3d9       1%          3
 Swiftness                Air            22%        N/A       1%          3
 Vampiric Draining        Necr           22%        2d7       1%          3
 Airstrike                Air            11%        2d(2-18)  5%          4
 Anguish                  Hex/Necr       11%        N/A       5%          4
 Leda's Liquefaction      Alch/Erth      11%        N/A       5%          4
 Manifold Assault         Tloc           22%        N/A       5%          4
 Olgreb's Toxic Radiance  Alch           22%        N/A       5%          4
 Petrify                  Alch/Erth      22%        N/A       5%          4
 Alistair's Intoxication  Alch           14%        N/A       16%         5
 Fireball                 Conj/Fire      11%        3d7       16%         5
 Freezing Cloud           Conj/Ice/Air   11%        6-21      16%         5
 Iskenderun's Battlesphe  Conj           22%        2d8       16%         5
 Metabolic Englaciation   Hex/Ice        11%        N/A       16%         5
 Conjure Ball Lightning   Conj/Air       11%        3x3d6     63%         6
 Dispersal                Tloc           11%        N/A       63%         6
 Orb of Destruction       Conj           11%        9d6       99%         7
 Disjunction              Tloc           11%        N/A       100%        8


Dungeon Overview and Level Annotations

Branches:
Dungeon (14/15) Temple (1/1) D:4 Lair (5/5) D:10 Shoals (0/4) Lair:2 Snake (0/4) Lair:3 Orc (0/2) D:9 Vaults (0/5) D:12 D:13 Slime: Lair:4-5

Altars:
Ashenzari
Cheibriados
Dithmenos
Elyvilon
Fedhas
Gozag
Hepliaklqana
Kikubaaqudgha
Makhleb
Nemelex Xobeh
Okawaru
Qazlal
Ru
Sif Muna
Trog
Uskayaw
Vehumet
Wu Jian
Xom
Yredelemnul
Zin
The Shining One
Jiyva

Shops:
D:9 ??

Portals:
Trove: D:11 (give 5 potions of resistance)

Annotations:
Lair:5 soberseth's ghost, journeyman GrEE


Innate Abilities, Weirdness & Mutations

You are an enormous serpent.
You have a powerful constriction melee attack.
Your maximum health is increased.
Your armour is entirely melded.
You are incapable of wielding weapons or throwing items.
((You have very sharp teeth.))
Your uncanny sense of smell can sniff out nearby items.
Your experience applies equally to all skills.


Message History

Casting: Mercury Vapours (safe; 1% risk of failure)
Confirm with . or Enter, or press ? or * to list all spells.
You blink.
You lose your grip on the death yak.
Casting: Blink (safe; 1% risk of failure)
Confirm with . or Enter, or press ? or * to list all spells.
Aiming: Mephitic Cloud (safe; 1% risk of failure)
Press: ? - help, Shift-Dir - straight line, f - death yak
Aim: a death yak (heavily wounded, chance to affect: 34%)
The ball explodes into a vile cloud!
The stinking cloud engulfs the death yak.
The death yak is heavily wounded.
The stinking cloud engulfs the death yak.
The death yak is heavily wounded.
The death yak is engulfed in noxious fumes. x2
You lash the death yak! You grab the death yak.
The death yak is severely wounded.
You constrict the death yak, but do no damage.
The death yak is engulfed in noxious fumes. x2
The death yak gores you!
* * * LOW HITPOINT WARNING * * *
You body-slam the death yak!!
The death yak is almost dead.
You constrict the death yak, but do no damage.
The death yak misses you.
The death yak is engulfed in noxious fumes.
The death yak closely misses you.
Unknown command.
You hit the death yak.
The death yak is almost dead.
You constrict the death yak.
You kill the death yak!
The Council accepts your kill. The death yak gores you.
* * * LOW HITPOINT WARNING * * *
You spin and attack the death yak.
You completely miss the death yak. You grab the death yak.
The death yak is heavily wounded.
You feel ready to blink again.
You constrict the death yak. The death yak gores you!!
You die...

###.#########..## ###..P# ##..
.###.....P..#...# ###..P# #.#.
..............######.....#####...
P......#......# #.#.....#..#..##
#.P#.#####..### #........##..##
###### #### ##..#.##.....##
#####..######....# #.##...#
#....### #.#YS### ##....#.##
##☼☼## ###...#..##. ##..§#
#..#####...# #..†## #....# #...#
#...# #...## #...# ##.>#### #...#
##... ##..#.# ##### #..# #.....#
# #..# ###...## .# ##...


You could see a death yak.

Vanquished Creatures
  The ghost of Biped the Cleaver, a journeyman KoFi of Gozag (Lair:2)
  An entropy weaver (shapeshifter) (D:11)
  2 hydras
  2 centaur warriors (D:13)
  8 two-headed ogres
  5 death yaks (Lair:4)
  A skyshark (Lair:3)
  A harpy (D:13)
  An orc knight (D:12)
  A deep elf pyromancer (D:12)
  2 ugly things (D:12)
  A wolf spider (D:13)
  3 manticores
  4 cyclopes
  4 black mambas
  A merfolk siren (Lair:2)
  Maggie (D:7)
  2 gargoyles
  10 cane toads
  An unseen horror (D:11)
  Jeremiah (D:7)
  4 komodo dragons
  A guardian mummy (D:11)
  3 merfolk
  5 trolls
  4 polar bears (Lair:1)
  A hornet (D:10)
  Prince Ribbit (D:6)
  5 blink frogs (Lair:1)
  5 slime creatures
  10 yaks
  A vampire (D:10)
  5 basilisks
  5 wyverns
  16 humans (D:12)
  5 wraiths
  A steam dragon (D:10)
  10 vampire mosquitoes
  Menkaure (D:5)
  An acid dragon (D:10)
  26 water moccasins
  Duvessa (D:7)
  4 black bears (Lair:1)
  3 orc warriors
  A sky beast (D:7)
  A swamp drake (D:10)
  An ice beast (D:8)
  A boggart (D:10)
  An ogre (D:4)
  4 wolves
  3 centaurs
  A kobold brigand (D:8)
  18 bullfrogs
  2 phantoms (D:6)
  Blork the orc (D:5)
  4 scorpions
  3 gnoll sergeants
  Dowan (D:7)
  5 killer bees
  3 electric eels
  2 howler monkeys
  A bombardier beetle (D:6)
  2 gnoll boudas
  8 jellies
  A hound (D:5)
  An orc priest (D:10)
  An iguana (D:4)
  Ijyb (D:5)
  2 orc wizards
  9 adders
  25 gnolls
  3 shadow imps
  2 ufetubi (D:6)
  2 dart slugs
  A ribbon worm (D:3)
  37 orcs
  A bat (D:1)
  9 endoplasms
  11 goblins
  4 hobgoblins
  4 jackals
  11 kobolds
  5 quokkas
  6 ball pythons
  6 frilled lizards
  3 rats
379 creatures vanquished.

Vanquished Creatures (collateral kills)
  A troll (D:10)
  An orc (D:7)
  2 goblins (D:7)
  11 boulders
15 creatures vanquished.

Vanquished Creatures (others)
  A centaur (D:13)
  6 boulders
7 creatures vanquished.

Grand Total: 401 creatures vanquished

Notes
Turn   | Place    | Note
-------+----------+-------------------------------------------
     0 | D:1      | jlumianski the Gnoll Shapeshifter began the quest for the
                  | Orb.
     0 | D:1      | Reached XP level 1. HP: 17/17 MP: 1/1
   303 | D:1      | Reached XP level 2. HP: 23/23 MP: 2/2
   917 | D:2      | Reached XP level 3. HP: 28/28 MP: 3/3
  1258 | D:2      | Reached skill level 1 in Invocations
  1328 | D:2      | Reached skill level 1 in Short Blades
  1328 | D:2      | Reached skill level 1 in Long Blades
  1328 | D:2      | Reached skill level 1 in Axes
  1328 | D:2      | Reached skill level 1 in Maces & Flails
  1328 | D:2      | Reached skill level 1 in Polearms
  1328 | D:2      | Reached skill level 1 in Staves
  1328 | D:2      | Reached skill level 1 in Ranged Weapons
  1328 | D:2      | Reached skill level 1 in Throwing
  1328 | D:2      | Reached skill level 1 in Armour
  1328 | D:2      | Reached skill level 1 in Stealth
  1328 | D:2      | Reached skill level 1 in Shields
  1328 | D:2      | Reached skill level 1 in Spellcasting
  1328 | D:2      | Reached skill level 1 in Evocations
  1345 | D:2      | Reached XP level 4. HP: 21/34 MP: 5/5
  1518 | D:3      | Found a hazy altar of Hepliaklqana.
  1854 | D:3      | Reached skill level 1 in Conjurations
  1854 | D:3      | Reached skill level 1 in Hexes
  1854 | D:3      | Reached skill level 1 in Summonings
  1854 | D:3      | Reached skill level 1 in Necromancy
  1854 | D:3      | Reached skill level 1 in Translocations
  1854 | D:3      | Reached skill level 1 in Fire Magic
  1854 | D:3      | Reached skill level 1 in Ice Magic
  1854 | D:3      | Reached skill level 1 in Air Magic
  1854 | D:3      | Reached skill level 1 in Earth Magic
  1854 | D:3      | Reached skill level 1 in Alchemy
  2180 | D:4      | Noticed a bullfrog
  2191 | D:4      | Killed a bullfrog
  2192 | D:4      | Reached XP level 5. HP: 29/41 MP: 5/7
  2554 | D:5      | Entered Level 5 of the Dungeon
  2611 | D:4      | Reached XP level 6. HP: 41/47 MP: 8/8
  2681 | D:4      | Reached skill level 5 in Dodging
  2796 | D:4      | Found a staircase to the Ecumenical Temple.
  2918 | Temple   | Entered the Ecumenical Temple
  3037 | Temple   | Became a worshipper of the Wu Jian Council
  3103 | D:4      | Found an opulent altar of Gozag.
  3105 | D:4      | Found a shadowy altar of Dithmenos.
  3106 | D:4      | Found a basalt altar of Yredelemnul.
  3154 | D:5      | Noticed Menkaure
  3292 | D:4      | Found a shadowy altar of Dithmenos.
  3295 | D:4      | Found an ancient bone altar of Kikubaaqudgha.
  3295 | D:4      | Found a hide-covered altar of Uskayaw.
  3299 | D:4      | Found a shimmering altar of Xom.
  3299 | D:4      | Found a glowing golden altar of the Shining One.
  3299 | D:4      | Found a hazy altar of Hepliaklqana.
  3390 | D:4      | Reached skill level 7 in Unarmed Combat
  3390 | D:4      | Reached XP level 7. HP: 30/52 MP: 10/10
  3854 | D:5      | Killed Menkaure
  3854 | D:5      | Reached * piety under Wu Jian
  3909 | D:6      | Found a radiant altar of Vehumet.
  4020 | D:6      | Noticed Prince Ribbit
  4045 | D:6      | Killed Prince Ribbit
  4046 | D:6      | Reached XP level 8. HP: 58/60 MP: 12/12
  4142 | D:5      | Noticed Ijyb
  4151 | D:5      | Killed Ijyb
  4883 | D:5      | Noticed Blork the orc
  4890 | D:5      | Killed Blork the orc
  5263 | D:6      | Found a sparkling altar of Nemelex Xobeh.
  5401 | D:6      | Reached XP level 9. HP: 54/67 MP: 13/15
  5413 | D:6      | Learned a level 2 spell: Mercury Vapours
  5415 | D:6      | Learned a level 1 spell: Magic Dart
  5418 | D:6      | Learned a level 2 spell: Call Imp
  5421 | D:6      | Learned a level 2 spell: Blink
  5647 | D:6      | Reached ** piety under Wu Jian
  5768 | D:7      | Noticed Duvessa
  5768 | D:7      | Noticed Dowan
  5768 | D:7      | Noticed Maggie
  6194 | D:6      | Reached skill level 5 in Fighting
  6223 | D:7      | Killed Dowan
  6250 | D:7      | Killed Maggie
  6251 | D:7      | Reached skill level 8 in Unarmed Combat
  6427 | D:7      | Noticed Jeremiah
  6431 | D:7      | Found a snail-covered altar of Cheibriados.
  6470 | D:7      | Killed Jeremiah
  6471 | D:7      | Reached skill level 5 in Invocations
  6860 | D:7      | Killed Duvessa
  6928 | D:8      | Found an iron altar of Okawaru.
  7632 | D:8      | Reached skill level 5 in Short Blades
  7632 | D:8      | Reached skill level 5 in Long Blades
  7632 | D:8      | Reached skill level 5 in Axes
  7632 | D:8      | Reached skill level 5 in Maces & Flails
  7632 | D:8      | Reached skill level 5 in Polearms
  7632 | D:8      | Reached skill level 5 in Staves
  7632 | D:8      | Reached skill level 5 in Ranged Weapons
  7632 | D:8      | Reached skill level 5 in Throwing
  7632 | D:8      | Reached skill level 5 in Armour
  7632 | D:8      | Reached skill level 5 in Stealth
  7632 | D:8      | Reached skill level 5 in Shields
  7632 | D:8      | Reached skill level 5 in Spellcasting
  7632 | D:8      | Reached skill level 5 in Evocations
  7775 | D:8      | Identified the +1 shortbow of the Tooth {speed, rElec}
  7798 | D:9      | Reached XP level 10. HP: 76/76 MP: 17/17
  7820 | D:8      | Reached *** piety under Wu Jian
  7899 | D:9      | Found Eqaeshrac's Magic Scroll Emporium.
  7905 | D:9      | Bought a scroll of identify for 28 gold pieces
  7905 | D:9      | Bought a scroll of blinking for 105 gold pieces
  8423 | D:8      | Found a white marble altar of Elyvilon.
  8423 | D:8      | Found a glowing golden altar of the Shining One.
  8423 | D:8      | Found a glowing silver altar of Zin.
  8573 | D:9      | Found a staircase to the Orcish Mines.
  8592 | D:10     | Entered Level 10 of the Dungeon
  8736 | D:9      | Noticed a gargoyle
  8748 | D:9      | Killed a gargoyle
  8793 | D:9      | Found a bloodstained altar of Trog.
  8992 | D:9      | Found Xaovveves's Magic Scroll Shoppe.
  9005 | D:9      | Bought a scroll of blinking for 90 gold pieces
  9005 | D:9      | Bought a scroll of enchant weapon for 90 gold pieces
  9053 | D:10     | Noticed a gargoyle
  9059 | D:10     | Killed a gargoyle
  9440 | D:10     | Reached **** piety under Wu Jian
  9901 | D:10     | Noticed a two-headed ogre
  9917 | D:10     | Killed a two-headed ogre
 10085 | D:11     | Noticed a two-headed ogre
 10208 | D:9      | Reached skill level 9 in Unarmed Combat
 10210 | D:9      | Reached skill level 5 in Conjurations
 10210 | D:9      | Reached skill level 5 in Hexes
 10210 | D:9      | Reached skill level 5 in Summonings
 10210 | D:9      | Reached skill level 5 in Necromancy
 10210 | D:9      | Reached skill level 5 in Translocations
 10210 | D:9      | Reached skill level 5 in Fire Magic
 10210 | D:9      | Reached skill level 5 in Ice Magic
 10210 | D:9      | Reached skill level 5 in Air Magic
 10210 | D:9      | Reached skill level 5 in Earth Magic
 10210 | D:9      | Reached skill level 5 in Alchemy
 10295 | D:11     | Noticed a two-headed ogre
 10295 | D:11     | Noticed a manticore
 10368 | D:10     | Reached XP level 11. HP: 79/83 MP: 20/20
 10419 | D:10     | Identified the amulet "Toig" {+Inv Regen+ Int+7 Slay-6}
 10425 | D:10     | Found a staircase to the Lair.
 10605 | D:10     | Killed a two-headed ogre
 10638 | D:11     | Killed a manticore
 10695 | D:11     | Noticed a lindwurm
 10708 | D:11     | a lindwurm changed into an entropy weaver
 10708 | D:11     | Noticed an entropy weaver (shapeshifter)
 10717 | D:11     | Killed an entropy weaver
 10815 | D:11     | Noticed a two-headed ogre
 10840 | D:10     | Killed a two-headed ogre
 11016 | D:11     | Noticed a two-headed ogre
 11043 | D:10     | Killed a two-headed ogre
 11243 | D:11     | Learned a level 3 spell: Mephitic Cloud
 11427 | D:11     | Identified the +4 flail "Wanlesef" {antimagic, rF+ Str-5
                  | Dex+4}
 11607 | D:10     | Killed a two-headed ogre
 11607 | D:10     | Reached ***** piety under Wu Jian
 11725 | D:11     | Noticed a cyclops
 11765 | D:10     | Reached XP level 12. HP: 77/91 MP: 22/22
 11807 | D:11     | Noticed a two-headed ogre
 11846 | D:10     | Killed a two-headed ogre
 12133 | D:11     | Found a portal to a secret trove of treasure.
 12545 | D:12     | Reached skill level 10 in Unarmed Combat
 13266 | D:13     | Noticed a two-headed ogre
 13266 | D:13     | Noticed a centaur warrior
 13266 | D:13     | Found a gate to the Vaults.
 13451 | D:12     | Noticed a two-headed ogre
 13460 | D:12     | Killed a two-headed ogre
 13866 | D:12     | Learned a level 4 spell: Brom's Barrelling Boulder
 14168 | D:12     | Killed a two-headed ogre
 14402 | D:12     | Upgraded the game from 0.31-a0-1529-g7bd419a0e5 to
                  | 0.31-a0-1540-g5a0b83f448
 14584 | D:13     | Killed a centaur warrior
 14739 | D:13     | Reached XP level 13. HP: 79/99 MP: 12/25
 14780 | D:13     | Reached skill level 10 in Shapeshifting
 15523 | D:13     | Noticed a rakshasa
 15947 | Lair:1   | Entered Level 1 of the Lair of Beasts
 15984 | D:10     | HP: 2/100 [komodo dragon (13)]
 16985 | Lair:1   | Identified the +1 cloak "Peilumies" {rC+}
 17929 | Lair:3   | Reached skill level 10 in Dodging
 17929 | Lair:3   | Reached skill level 11 in Unarmed Combat
 18039 | Lair:2   | Found a staircase to the Shoals.
 18409 | Lair:3   | Reached ****** piety under Wu Jian
 18765 | Lair:3   | Found a staircase to the Snake Pit.
 19010 | Lair:3   | Found a runed translucent gate.
 19011 | Lair:3   | Found a runed translucent gate.
 19012 | Lair:3   | Found a runed translucent gate.
 19016 | Lair:3   | Noticed Biped's ghost (journeyman KoFi)
 19067 | Lair:3   | Found a viscous altar of Jiyva.
 19095 | Lair:2   | Killed Biped's ghost
 19320 | Lair:2   | Reached XP level 14. HP: 108/108 MP: 27/27
 19324 | Lair:2   | Reached skill level 10 in Invocations
 20792 | Lair:5   | Entered Level 5 of the Lair of Beasts
 20813 | Lair:5   | Found a bloodstained altar of Trog.
 20813 | Lair:5   | Noticed soberseth's ghost (journeyman GrEE)
 21088 | Lair:4   | Slain by a death yak

Illustrated notes

Levels and vault maps discovered:
D:1:      dpeg_arrival_houses_and_road, layout_basic, chequers_mini_garden
D:2:      layout_basic
D:3:      layout_rooms, nicolae_hepliaklqana_hazy_memory,
          wander_ebering_terrifying_dragon_lair
D:4:      minmay_bubble_buster, layout_basic, gammafunk_temple_overflow_claw,
          doesnt_xom_only_xom, minmay_temple_entry_hall, grunt_decor_arrowhead
D:5:      layout_basic, minmay_liquid_box, due_unseen_surprise,
          uniq_blork_the_orc, uniq_menkaure, uniq_ijyb
D:6:      layout_basic, fiery_altar_vehumet, kennysheep_mini,
          uniq_prince_ribbit1
D:7:      layout_loops_ring, mainiacjoe_overflow_catwalk,
          lightli_bailey_entry_fortress, uniq_duvessa, uniq_jeremiah,
          uniq_maggie
D:8:      layout_cave_pools, dreamdust_divine_triumvirate,
          mainiacjoe_overflow_alcove_4, kennysheep_boxes
D:9:      layout_basic, mainiacjoe_overflow_chevrons, orc_0_dummy, serial_shops,
          nicolae_shop_hallway_plus, shop, minmay_misc_feat_five
D:10:     layout_roguey [special_room_orc], erik_lair_dragon
D:11:     cheibrodos_barr_body, layout_cave_pools,
          nicolae_trove_entry_path_of_doom
D:12:     layout_basic
D:13:     layout_layer_cave, david_vaults_3, minmay_evil_grid
D:14:     minmay_guarded_unrand_sword_of_power, layout_basic,
          hangedman_parallel_progression
Temple:   grunt_temple_mini_profane
Lair:1:   beast_lair_carwin_large_3, layout_loops_ring, serial_bayou_lagoon_b,
          grunt_megastairs_1, serial_bayou_shore_b
Lair:2:   layout_misc_corridors, elwin_shoals_entry_stream
Lair:3:   layout_hall_layers, minmay_snake_entry_six_corridors,
          gammafunk_ghost_ooze
Lair:4:   layout_layer_cave, serial_bayou_lake_a
Lair:5:   gammafunk_lair_ancient_temple, layout_small_grid,
          dpeg_slime_entry_enclosed, gammafunk_ghost_wrathful_warriors

Skill      XL: |  1  2  3  4  5  6  7  8  9 10 11 12 13 14 |
---------------+-------------------------------------------+-----
Invocations    | 1 2 3 4 5 6 7 8 9 10 | 10.2
Short Blades   | 1 2 3 4 5 6 7 8 9 |  9.4
Long Blades    | 1 2 3 4 5 6 7 8 9 |  9.4
Axes           | 1 2 3 4 5 6 7 8 9 |  9.4
Maces & Flails | 1 2 3 4 5 6 7 8 9 |  9.4
Polearms       | 1 2 3 4 5 6 7 8 9 |  9.4
Staves         | 1 2 3 4 5 6 7 8 9 |  9.4
Ranged Weapons | 1 2 3 4 5 6 7 8 9 |  9.4
Throwing       | 1 2 3 4 5 6 7 8 9 |  9.6
Armour         | 1 2 3 4 5 6 7 8 9 |  9.4
Stealth        | 1 2 3 4 5 6 7 8 9 |  9.4
Shields        | 1 2 3 4 5 6 7 8 9 |  9.4
Spellcasting   | 1 2 3 4 5 6 7 8 9 |  9.4
Evocations     | 1 2 3 4 5 6 7 8 9 |  9.4
Conjurations   | 1 2 3 4 5 6 7 |  7.8
Hexes          | 1 2 3 4 5 6 7 |  7.8
Summonings     | 1 2 3 4 5 6 7 |  7.8
Necromancy     | 1 2 3 4 5 6 7 |  7.8
Translocations | 1 2 3 4 5 6 7 |  7.8
Fire Magic     | 1 2 3 4 5 6 7 |  7.8
Ice Magic      | 1 2 3 4 5 6 7 |  7.8
Air Magic      | 1 2 3 4 5 6 7 |  7.8
Earth Magic    | 1 2 3 4 5 6 7 |  7.8
Alchemy        | 1 2 3 4 5 6 7 |  7.8
Fighting       | 3 4 5 6 7 8 9 |  9.8
Dodging        | 5 6 7 8 9 10 | 10.5
Unarmed Combat | 7 8 9 10 11 | 11.4
Shapeshifting  | 7 8 9 10 | 10.8

Action                     |  1- 3 |  4- 6 |  7- 9 | 10-12 | 13-15 || total
---------------------------+-------+-------+-------+-------+-------++-------
  Melee: Unarmed           |    53 |   136 |   309 |   674 |   435 ||  1607
         Bite              |     7 |    10 |    32 |   111 |    12 ||   172
         Constrict         |       |       |       |       |    62 ||    62
  Throw: Javelin           |     2 |       |       |       |       ||     2
   Cast: Mercury Vapours   |       |       |    12 |    29 |     1 ||    42
         Call Imp          |       |       |     7 |    23 |       ||    30
         Blink             |       |       |       |     9 |     4 ||    13
         Mephitic Cloud    |       |       |       |     7 |     4 ||    11
         Brom's Barrelling |       |       |       |     4 |    17 ||    21
Ability: Lunge             |       |     6 |    28 |    14 |    28 ||    76
         Whirlwind         |       |       |    24 |    72 |    54 ||   150
         Wall Jump         |       |       |    11 |    55 |    67 ||   133
  Evoke: Wand              |       |       |     1 |     1 |     2 ||     4
    Use: Potion            |     1 |       |     2 |       |     5 ||     8
         Scroll            |       |     5 |    11 |     7 |     5 ||    28
   Stab: Confused          |       |       |       |     8 |     2 ||    10
         Distracted        |       |       |       |     1 |       ||     1
         Sleeping          |       |       |       |       |     7 ||     7
 Armour: Chain mail        |    29 |    34 |       |       |       ||    63
         Skin              |       |    28 |   125 |   250 |   219 ||   622
  Dodge: Dodged            |    13 |    84 |   221 |   693 |   331 ||  1342
   Form: Flux              |       |     1 |       |       |       ||     1
         Serpent           |       |       |       |       |     1 ||     1

Table legend: (Time is in decaauts)
 A = Elapsed time spent in this place.
 B = Non-inter-level travel time spent in this place.
 C = Inter-level travel time spent in this place.
 D = Time resting spent in this place.
 E = Time spent auto-exploring this place.
 F = Levels seen in this place.
 G = Mean time per level.
                   A        B        C        D        E       F      G
               +--------+--------+--------+--------+--------+-----+--------+
         Total |  21216 |  20809 |    407 |   4274 |   9236 |  20 | 1060.8 |
       Dungeon |  15905 |  15559 |    346 |   2793 |   7043 |  14 | 1136.1 |
        Temple |    153 |    153 |      0 |      0 |      0 |   1 |  153.0 |
          Lair |   5157 |   5097 |     60 |   1481 |   2193 |   5 | 1031.4 |
               +--------+--------+--------+--------+--------+-----+--------+

Top non-repeatable levels by time:
    D:12: 2392 daAuts
    D:10: 2184 daAuts
  Lair:1: 1643 daAuts
  Lair:2: 1375 daAuts
  Lair:4: 1343 daAuts
    D:11: 1297 daAuts
     D:6: 1257 daAuts
     D:5: 1256 daAuts
     D:7: 1195 daAuts
     D:4: 1149 daAuts
     D:9: 1020 daAuts
     D:8: 949 daAuts
     D:1: 927 daAuts
     D:3: 807 daAuts
     D:2: 748 daAuts
